 Dungeon Crawl Stone Soup version 0.17-a0-1421-g95311d7 (webtiles) character file.

1147 Snupthedog the Twirler (level 8, 0/62 HPs)
             Began as a Demonspawn Gladiator on June 24, 2015.
             Was a Follower of Ashenzari.
             Slain by an orc warrior
             ... wielding a +0 mace
              (16 damage)
             ... on level 7 of the Dungeon.
             The game lasted 00:23:52 (3976 turns).

Snupthedog the Twirler (Demonspawn Gladiator)       Turns: 3976, Time: 00:23:52

Health: 0/62       AC: 10    Str: 19    XL:     8   Next: 15%
Magic:  0/12       EV: 13    Int: 11    God:    Ashenzari [*.....]
Gold:   116        SH:  0    Dex: 18    Spells: 3 memorised, 7 levels left

rFire  + + .     SeeInvis .     a - +0 quarterstaff (curse)
rCold  . . .     Clarity  .     b - +1 leather armour
rNeg   . . .     SustAt   .     (no shield)
rPois  .         Gourm    .     o - +2 helmet (curse)
rElec  .         Spirit   +     c - +2 cloak
rCorr  .         Warding  .     (no gloves)
rMut   .         Stasis   .     (no boots)
MR     .....                    (no amulet)
Stlth  ++........               n - ring of protection from fire
                                h - ring of Ewom {rF+ Str+3}

@: not resistant to hostile enchantments, unstealthy
A: hooves 2, thin skeletal structure 2, powered by death 1, magic shield
a: Renounce Religion


You were on level 7 of the Dungeon.
You worshipped Ashenzari.
Ashenzari was aware of your devotion.
You were not hungry.

You visited 1 branch of the dungeon, and saw 7 of its levels.

You collected 220 gold pieces.
You spent 104 gold pieces at shops.

Inventory:

Hand weapons
 a - a cursed +0 quarterstaff (weapon)
Missiles
 d - 4 throwing nets (quivered)
Armour
 b - a +1 leather armour (worn)
 c - a +2 cloak (worn)
 o - a cursed +2 helmet (worn)
Rods
 g - a +0 rod of destruction (12/12)
   (You found it on level 6 of the Dungeon)
Jewellery
 h - the ring of Ewom (left hand) {rF+ Str+3}
   (You found it on level 4 of the Dungeon)

   [ring of protection from fire]

   It affects your strength (+3).
   It protects you from fire.
 n - a ring of protection from fire (right hand)
Magical devices
 i - a wand of random effects (10)
 q - a wand of magic darts (28)
Scrolls
 j - 2 scrolls of identify
 k - a scroll of remove curse
 l - a scroll of recharging
 p - 2 scrolls of amnesia
 r - a scroll of curse weapon
Potions
 m - a potion of flight
Books
 f - a Young Poisoner's Handbook

   Spells                             Type                      Level
   a - Sting                          Conjuration/Poison           1
   b - Cure Poison                    Poison                       2
   c - Mephitic Cloud                 Conjuration/Poison/Air       3
   d - Olgreb's Toxic Radiance        Poison                       4
   e - Venom Bolt                     Conjuration/Poison           5
Comestibles
 e - 4 bread rations
 s - a beef jerky


   Skills:
 + Level 5.1 Fighting
 + Level 5.3 Staves
 - Level 1.9 Throwing
 - Level 4.3 Armour
 - Level 3.2 Dodging
 * Level 3.1 Spellcasting
 + Level 0.4 Poison Magic


You had 7 spell levels left.
You knew the following spells:

 Your Spells              Type           Power        Failure   Level  Hunger
a - Cure Poison           Pois           #.........   38%         2    ###....
b - Mephitic Cloud        Conj/Pois/Air  #.......     88%         3    ###....
c - Sting                 Conj/Pois      #...         34%         1    #......


Dungeon Overview and Level Annotations

Branches:
Dungeon (7/15)             Temple (0/1) D:5

Altars:
Ashenzari
Sif Muna
Yredelemnul

Shops:
D:4 *   D:6 *   D:7 ?

Annotations:
D:5 Blork the orc
D:6 quik's ghost, experienced KoBe


Innate Abilities, Weirdness & Mutations

You have hoof-like feet.
You have a moderately thin skeletal structure (Dex +4, Stealth+).
You regenerate a little health from kills.
When hurt, damage is shared between your health and your magic reserves.


Message History

The orc warrior hits you with a mace.
* * * LOW HITPOINT WARNING * * *
Drink which item? (? for menu, Esc to quit)
Okay, then.
You barely miss the orc warrior.
You kick the orc warrior, but do no damage.
The orc warrior is almost dead.
The orc warrior barely misses you.
You closely miss the orc warrior.
You kick the orc warrior, but do no damage.
The orc warrior is almost dead.
The orc warrior misses you.
You barely miss the orc warrior.
You kick the orc warrior, but do no damage.
The orc warrior is almost dead.
You hit the orc warrior but do no damage.
You kick the orc warrior, but do no damage.
The orc warrior is almost dead.
The orc warrior hits you with a mace!!
You die...

..........#
#...........#
#...........#
#...........#
#...........#
...........#
#.........#
#######.........####
......††........@oo#
#######.........##o#
# #............##.#
####.#############.##
∩..8.# #..# ######
##o# # #...o.# #
#....r.. # #.........


You could see an orc warrior and 2 orcs.

Vanquished Creatures
  Prince Ribbit (D:6)
  A phantom (D:4)
  A giant frog (D:7)
  2 scorpions
  2 crimson imps
  A jelly (D:5)
  3 orc wizards
  An orc priest (D:3)
  A hound (D:4)
  A giant frog skeleton (D:5)
  4 worker ants
  A gnoll shaman (D:4)
  An iguana (D:4)
  2 hound skeletons (D:4)
  A worker ant zombie (D:7)
  9 gnolls
  4 adders
  An ooze (D:5)
  An adder zombie (D:7)
  3 giant geckos
  17 orcs
  A ball python (D:1)
  7 giant cockroaches
  8 hobgoblins
  7 jackals
  7 kobolds
  3 quokkas
  13 bats
  5 giant newts
  8 goblins
  6 rats
123 creatures vanquished.

Notes
Turn   | Place    | Note
--------------------------------------------------------------
     0 | D:1      | Snupthedog the Demonspawn Gladiator began the quest for the Orb.
     0 | D:1      | Reached XP level 1. HP: 16/16 MP: 1/1
    79 | D:1      | Reached skill level 3 in Staves
   119 | D:1      | Gained mutation: You regenerate a little health from kills. [demonic ancestry]
   119 | D:1      | Reached XP level 2. HP: 17/22 MP: 2/2
   625 | D:2      | Gained mutation: You have a somewhat thin skeletal structure (Dex +2, Stealth). [demonic ancestry]
   625 | D:2      | Reached XP level 3. HP: 27/27 MP: 3/3
   766 | D:2      | Found a basalt altar of Yredelemnul.
   827 | D:2      | Found a deep blue altar of Sif Muna.
   922 | D:2      | Found a shattered altar of Ashenzari.
   951 | D:2      | Became a worshipper of Ashenzari the Shackled
  1279 | D:3      | Reached skill level 1 in Armour
  1299 | D:3      | Gained mutation: You have large cloven feet. [demonic ancestry]
  1299 | D:3      | Reached XP level 4. HP: 22/33 MP: 4/4
  1564 | D:3      | Gained mutation: You have hoof-like feet. [demonic ancestry]
  1564 | D:3      | Reached XP level 5. HP: 35/38 MP: 5/5
  1652 | D:4      | Noticed a phantom
  1674 | D:4      | Killed a phantom
  1674 | D:4      | Reached skill level 4 in Armour
  1674 | D:4      | Reached XP level 6. HP: 26/44 MP: 6/6
  1685 | D:4      | Learned a level 2 spell: Cure Poison
  1691 | D:4      | Learned a level 3 spell: Mephitic Cloud
  1775 | D:4      | Identified the ring of Ewom {rF+ Str+3}
  2150 | D:4      | Reached skill level 1 in Spellcasting
  2230 | D:4      | Found Mumpewucs's Assorted Antiques.
  2775 | D:4      | Bought a tapered copper wand for 104 gold pieces
  2833 | D:5      | Entered Level 5 of the Dungeon
  2857 | D:5      | Gained mutation: When hurt, damage is shared between your health and your magic reserves. [demonic ancestry]
  2857 | D:5      | Reached XP level 7. HP: 16/52 MP: 9/9
  2905 | D:4      | Learned a level 1 spell: Sting
  3016 | D:5      | Found a staircase to the Ecumenical Temple.
  3230 | D:5      | Noticed Blork the orc
  3333 | D:6      | Noticed Prince Ribbit
  3363 | D:6      | Killed Prince Ribbit
  3586 | D:6      | Identified a +0 rod of destruction (12/12)
  3618 | D:6      | Found Dennul's Assorted Antiques.
  3625 | D:6      | Noticed quik's ghost (experienced KoBe)
  3744 | D:7      | Reached skill level 5 in Staves
  3776 | D:7      | Gained mutation: You have a moderately thin skeletal structure (Dex +4, Stealth+). [demonic ancestry]
  3776 | D:7      | Reached XP level 8. HP: 61/61 MP: 10/12
  3786 | D:7      | Reached skill level 5 in Fighting
  3883 | D:7      | Found Owewnih's Magic Scroll Shop.
  3976 | D:7      | Slain by an orc warrior

Vault maps used:
D:1:      minmay_arrival_semitransparent, corexii_corridor_pit,
          minmay_misc_feat_iff
D:2:      yredelemnul_altar_generic, evilmike_ruin_ashenzari, tgw_fedhas,
          lemuel_blue_sif_altar, serial_bayou, serial_bayou_shore_b,
          serial_bayou_pond_b, serial_bayou_pond_c, serial_bayou_pond_e,
          nemelex_lonely_heart_becter
D:4:      serial_shops, shop, minmay_cupped
D:5:      minmay_temple_entry_hall, first_bread, uniq_blork_the_orc
D:6:      serial_shops, shop, uniq_menkaure, uniq_prince_ribbit1
D:7:      serial_shops, shop_statue

Action                   |  1- 3 |  4- 6 |  7- 9 || total
-------------------------+-------+-------+-------++-------
Melee: Quarterstaff      |   125 |   189 |   168 ||   482
Throw: Throwing net      |     1 |       |       ||     1
 Cast: Sting             |       |       |     4 ||     4
Evoke: Wand              |       |     1 |     3 ||     4
  Use: Scroll            |     4 |     2 |     6 ||    12
       Potion            |     3 |     3 |     3 ||     9
 Stab: Sleeping          |     2 |     1 |     1 ||     4
  Eat: Fruit             |     1 |     2 |       ||     3
       Chunk             |       |     2 |       ||     2
       Bread ration      |       |     1 |       ||     1
       Meat ration       |       |       |     1 ||     1
